 Dungeon Crawl Stone Soup version 0.18.1-1-g2f07953 (webtiles) character file.

23 NobbyPlug the Magician (level 2, -3/15 HPs)
             Began as a Deep Elf Wizard on June 17, 2016.
             Slain by Gainuilerr the merfolk
             ... wielding a +1 trident of flaming
             ... created by the player character
              (18 damage)
             ... on level 1 of the Dungeon.
             The game lasted 00:17:43 (1358 turns).

NobbyPlug the Magician (Deep Elf Wizard)            Turns: 1358, Time: 00:17:43

Health: -3/15      AC:  2    Str:  4    XL:     2   Next: 72%
Magic:  7/10       EV: 13    Int: 22    God:
Gold:   36         SH:  0    Dex: 13    Spells: 1 memorised, 10 levels left

rFire  . . .     SeeInvis .     (no weapon)
rCold  . . .     Gourm    .     a - +0 robe
rNeg   . . .     Faith    .     (no shield)
rPois  .         Spirit   .     b - +0 hat
rElec  .         Dismiss  +     (no cloak)
rCorr  .         Reflect  .     (no gloves)
SustAt .         Harm     .     (no boots)
MR     .....                    u - amulet of dismissal
Stlth  ++........               (no ring)
                                (no ring)

@: not resistant to hostile enchantments, unstealthy
A: no striking features
a: no special abilities


You were on level 1 of the Dungeon.
You were not hungry.

You visited 1 branch of the dungeon, and saw 1 of its levels.

You collected 36 gold pieces.

Inventory:

Hand Weapons
 l - a +0 short sword
 p - a +0 short sword
 q - a cursed -1 club
 s - a +0 club
 v - a +0 short sword
 y - a +0 club
Missiles
 e - 26 arrows
 f - 8 tomahawks (quivered)
 j - 78 stones
 k - 4 javelins
Armour
 a - a +0 robe (worn)
 b - a +0 hat (worn)
 r - a +0 ring mail
 x - a +0 robe
 z - a +0 plate armour
Jewellery
 u - an amulet of dismissal (around neck)
Scrolls
 g - 2 scrolls of enchant weapon {unknown}
 m - 3 scrolls of identify {unknown}
 o - a scroll of magic mapping {unknown}
 w - 2 scrolls of remove curse {unknown}
Potions
 i - a potion of agility {unknown}
 n - a potion of might {unknown}
 t - a potion of berserk rage {unknown}
Books
 c - a book of Minor Magic

   Spells                             Type                      Level
   a - Magic Dart                     Conjuration                  1
   b - Blink                          Translocation                2
   c - Call Imp                       Summoning                    2
   d - Repel Missiles                 Charms/Air                   2
   e - Slow                           Hexes                        2
   f - Conjure Flame                  Conjuration/Fire             3
   g - Mephitic Cloud                 Conjuration/Poison/Air       3
Miscellaneous
 h - a plain deck of wonders {drawn: 1}
Comestibles
 d - 3 bread rations


   Skills:
 + Level 2.7 Dodging
 + Level 2.8 Stealth
 + Level 5.3 Spellcasting
 + Level 1.1 Conjurations
   Level 1.1 Summonings
   Level 1.1 Translocations


You had 10 spell levels left.
You knew the following spells:

 Your Spells              Type           Power        Failure   Level  Hunger
a - Magic Dart            Conj           ##..         10%         1    None


Dungeon Overview and Level Annotations

Branches:
Dungeon (1/15)

Altars:
Nemelex Xobeh


Message History

Press: ? - help, Shift-Dir - straight line, f - Gainuilerr
Aim: Gainuilerr the merfolk, wielding a trident of flaming and wearing an embroidered robe (durably summoned)
The magic dart hits Gainuilerr.
Gainuilerr misses you.
Casting: Magic Dart
Confirm with . or Enter, or press ? or * to list all spells.
Aiming: Magic Dart
Press: ? - help, Shift-Dir - straight line, f/p - Gainuilerr
Aim: Gainuilerr the merfolk, wielding a trident of flaming and wearing an embroidered robe (durably summoned)
The magic dart hits Gainuilerr.
Gainuilerr is lightly wounded.
Casting: Magic Dart
Confirm with . or Enter, or press ? or * to list all spells.
Aiming: Magic Dart
Press: ? - help, Shift-Dir - straight line, f/p - Gainuilerr
Aim: Gainuilerr the merfolk, wielding a trident of flaming and wearing an embroidered robe (lightly wounded, durably summoned)
The magic dart hits Gainuilerr.
Gainuilerr is lightly wounded.
Gainuilerr hits you with a trident of flaming!!
Ouch! That really hurt!
You die...
PPP..PPPPP..PPP# #..# #.# PPPPP.....PPPPP######..# #.# PPPPPPPPPPPPPPP........#

##.##
PPPPPPPPPPPPPPP.######.###...#
## ##.##......#.....#
#.....#..... #.###.###.#.#.#.#
#..##...#### ##.# #.#
#.#.#.#.######.###.## ...# #.#
#.).#.m............# #### #.#
##.####@.####..##### #.#
#.......# #..#
#.#########.#####..#######
#........................#
##########.######..#####.###
#.........# #.... ###########
#####


You could see Gainuilerr the merfolk.

Vanquished Creatures
  A giant gecko (D:1)
  3 bats (D:1)
  A giant cockroach (D:1)
  4 goblins (D:1)
  A hobgoblin (D:1)
  3 giant newts (D:1)
  6 kobolds (D:1)
  3 rats (D:1)
22 creatures vanquished.

Notes
Turn   | Place    | Note
--------------------------------------------------------------
     0 | D:1      | NobbyPlug the Deep Elf Wizard began the quest for the Orb.
     0 | D:1      | Reached XP level 1. HP: 10/10 MP: 7/7
   180 | D:1      | Found a sparkling altar of Nemelex Xobeh.
   687 | D:1      | Reached XP level 2. HP: 15/15 MP: 4/9
   908 | D:1      | Reached skill level 5 in Spellcasting
  1355 | D:1      | Noticed Gainuilerr
  1358 | D:1      | Slain by Gainuilerr the merfolk

Skill      XL: |  1  2 |
---------------+-------+-----
Spellcasting   | 5 |  5.3
Dodging        | |  2.7
Stealth        | |  2.8
Conjurations   | |  1.1
Summonings     | |  1.1
Translocations | |  1.1

Action                   || total
-------------------------++-------
Melee: Unarmed           ||    18
 Cast: Magic Dart        ||    46
Evoke: Deck              ||     1
  Eat: Beef jerky        ||     1
Armor: Robe              ||     5
Dodge: Dodged            ||    13
